 Dungeon Crawl Stone Soup version 0.18.1-5-g4a78601 (webtiles) character file.

1559 Goblin1989 the Infuser (level 8, 0/64 HPs)
             Began as a Merfolk Skald on May 12, 2016.
             Was an Initiate of Gozag.
             Slain by a hippogriff (1 damage)
             ... on level 7 of the Dungeon.
             The game lasted 00:20:16 (7613 turns).

Goblin1989 the Infuser (Merfolk Skald)              Turns: 7613, Time: 00:20:16

Health: 0/64       AC:  9    Str: 15    XL:     8   Next: 89%
Magic:  12/12      EV: 12    Int: 14    God:    Gozag
Gold:   408        SH:  0    Dex: 13    Spells: 5 memorised, 2 levels left

rFire  . . .     SeeInvis .     a - +0 spear
rCold  + . .     Gourm    .     h - +0 ring mail
rNeg   . . .     Faith    .     (no shield)
rPois  .         Spirit   .     f - +1 helmet {Int+3}
rElec  .         Dismiss  .     v - +1 cloak
rCorr  .         Reflect  .     (no gloves)
SustAt .         Harm     .     (no boots)
MR     .....                    t - amulet of magic regeneration
Stlth  +.........               (no ring)
                                c - ring of protection from cold {rC+, !d}

@: singing, gold aura, not resistant to hostile enchantments, very unstealthy
A: change form in water, swift swim
a: Potion Petition, Call Merchant, Bribe Branch, Renounce Religion, Stop Singing


You were on level 7 of the Dungeon.
You worshipped Gozag.
Gozag was noncommittal.
You were not hungry.

You visited 1 branch of the dungeon, and saw 7 of its levels.

You collected 942 gold pieces.
You spent 504 gold pieces at shops.
You paid 30 gold pieces to Gozag.

Inventory:

Hand Weapons
 a - a +0 spear (weapon)
Armour
 f - a +1 helmet of intelligence (worn)
 h - a +0 ring mail (worn)
 v - a +1 cloak (worn)
Jewellery
 c - a ring of protection from cold (left hand) {rC+, !d}
 t - an amulet of magic regeneration (around neck)
Wands
 k - a wand of flame (14/48)
 n - a wand of slowing (31/48)
 u - a wand of flame (35/48)
 A - a wand of hasting (2/9)
Scrolls
 e - a scroll of recharging
 g - a scroll of remove curse
 i - a scroll of magic mapping {!r}
 j - a scroll of fear {unknown}
Potions
 l - a potion of might {unknown}
 p - a potion of haste {unknown}
 q - 5 potions of curing
 s - 3 potions of lignification {!q}
 w - a potion of agility {unknown}
 x - a potion of flight {unknown}
 B - a potion of cancellation {unknown}
 D - a potion of heal wounds
Comestibles
 d - a bread ration
 m - 3 beef jerkies


   Skills:
 + Level 5.8 Fighting
 + Level 7.8 Polearms
 - Level 0.6 Armour
 + Level 4.8 Dodging
 - Level 3.1 Spellcasting
 * Level 8.1 Charms


You had 2 spell levels left.
You knew the following spells:

 Your Spells              Type           Power        Failure   Level  Hunger
a - Infusion              Chrm           ####         1%          1    #......
r - Regeneration          Chrm/Necr      ##........   28%         3    ###....
s - Shroud of Golubria    Chrm/Tloc      ##........   14%         2    ##.....
z - Spectral Weapon       Hex/Chrm       ##......     28%         3    ###....
S - Song of Slaying       Chrm           ####....     2%          2    ##.....


Dungeon Overview and Level Annotations

Branches:
Dungeon (7/15)             Temple (0/1) D:4

Altars:
Ashenzari
Gozag
Kikubaaqudgha
Nemelex Xobeh
Sif Muna
Trog
Zin

Shops:
D:4 }


Message History

You take 4 damage, and have 23/64 hp.
Unknown command.
You hit the hippogriff but do no damage.
The hippogriff closely misses you. x2; The hippogriff claws you.
The crimson imp hits you.
You take 4 damage, and have 19/64 hp.
You closely miss the hippogriff. The hippogriff bites you.
The hippogriff pecks you.
The hippogriff claws you but does no damage.
You take 11 damage, and have 8/64 hp.
You closely miss the hippogriff.
The crimson imp is distracted by the nearby gold.
The crimson imp shouts!
You hit the hippogriff but do no damage.
The hippogriff closely misses you. The hippogriff barely misses you.
The hippogriff claws you.
You take 2 damage, and have 7/64 hp.
You hit the hippogriff. The hippogriff bites you. The hippogriff pecks you.
You die...
Your body crumbles into a pile of gold.

##################
#.................
#.................
#.................
########..##'####......#
.##..#....##...##......#
?..........#....#$......
...........#....@H......
...........#....#5......
...........+....#.......
####.##...###..###...###
#+###+## #..# ...# ....
...# ..... ..# ..<. ..+


You could see a hippogriff and a crimson imp.

Vanquished Creatures
  Duvessa (D:5)
  A sky beast (D:4)
  An ogre (D:4)
  A phantom (D:6)
  Dowan (D:5)
  A wyvern zombie (D:6)
  A wyvern skeleton (D:4)
  3 scorpions
  2 howler monkeys
  A crimson imp (D:5)
  A jelly (D:7)
  Crazy Yiuf (D:3)
  A giant frog skeleton (D:6)
  2 centaur skeletons (D:4)
  2 orc priests
  4 hounds
  2 orc wizards
  Ijyb (D:2)
  An iguana (D:5)
  5 worker ants
  A hound zombie (D:5)
  8 adders
  A shadow imp (D:4)
  An ooze (D:2)
  4 worms
  2 dart slugs
  4 giant geckos
  14 orcs
  6 giant cockroaches
  5 goblins
  3 hobgoblins
  7 jackals
  10 kobolds
  2 quokkas
  2 ball pythons (D:2)
  9 bats
  A giant gecko zombie (D:5)
  2 giant newts
  2 quokka zombies
  8 rats
125 creatures vanquished.

Notes
Turn   | Place    | Note
--------------------------------------------------------------
     0 | D:1      | Goblin1989 the Merfolk Skald began the quest for the Orb.
     0 | D:1      | Reached XP level 1. HP: 16/16 MP: 3/3
    84 | D:1      | Reached XP level 2. HP: 8/23 MP: 5/5
   681 | D:1      | Reached XP level 3. HP: 27/28 MP: 6/6
   741 | D:1      | Reached skill level 4 in Charms
   925 | D:2      | Found an opulent altar of Gozag.
   969 | D:2      | Became a worshipper of Gozag Ym Sagoz the Greedy
   988 | D:2      | Found an ancient bone altar of Kikubaaqudgha.
  1299 | D:2      | Noticed Ijyb
  1321 | D:2      | Killed Ijyb
  1321 | D:2      | Reached XP level 4. HP: 25/34 MP: 7/7
  1573 | D:2      | Found a glowing silver altar of Zin.
  1974 | D:2      | Learned a level 2 spell: Song of Slaying
  2236 | D:3      | Found a bloodstained altar of Trog.
  2315 | D:3      | Reached XP level 5. HP: 33/41 MP: 8/8
  2461 | D:3      | Learned a level 2 spell: Shroud of Golubria
  2464 | D:3      | Noticed Crazy Yiuf
  2474 | D:3      | Killed Crazy Yiuf
  3212 | D:3      | Reached skill level 5 in Charms
  3253 | D:4      | Reached skill level 5 in Polearms
  3253 | D:4      | Reached XP level 6. HP: 44/48 MP: 9/9
  3630 | D:4      | Noticed a sky beast
  3688 | D:4      | Killed a sky beast
  3688 | D:4      | Reached XP level 7. HP: 17/54 MP: 10/10
  3982 | D:4      | Reached skill level 6 in Charms
  4033 | D:4      | Found Neiriseu's Gadget Boutique.
  4045 | D:4      | Bought a wand of hasting (3/9) for 504 gold pieces
  4049 | D:4      | Learned a level 3 spell: Regeneration
  4109 | D:4      | Found a shattered altar of Ashenzari.
  4148 | D:4      | Found a staircase to the Ecumenical Temple.
  4237 | D:5      | Entered Level 5 of the Dungeon
  4291 | D:5      | Found a deep blue altar of Sif Muna.
  4878 | D:5      | Noticed Duvessa
  4878 | D:5      | Noticed Dowan
  4896 | D:5      | Killed Duvessa
  4896 | D:5      | Reached XP level 8. HP: 33/61 MP: 0/11
  4931 | D:5      | Killed Dowan
  4931 | D:5      | Reached skill level 5 in Fighting
  4931 | D:5      | Reached skill level 7 in Charms
  5438 | D:5      | Found a sparkling altar of Nemelex Xobeh.
  6318 | D:6      | Learned a level 3 spell: Spectral Weapon
  6889 | D:6      | Got a brightly glowing leather armour
  6900 | D:6      | Identified the +1 leather armour "Bugumau" {MR+ Dex+2 Slay-6} (You found it on level 6 of the Dungeon)
  7149 | D:6      | Reached skill level 8 in Charms
  7613 | D:7      | HP: 1/64 [hippogriff (6)]
  7613 | D:7      | Slain by a hippogriff

Skill      XL: |  1  2  3  4  5  6  7  8 |
---------------+-------------------------+-----
Dodging        | 2 3 4 |  4.8
Charms         | 4 5 6 8 |  8.1
Fighting       | 3 4 5 |  5.8
Polearms       | 4 5 6 7 |  7.8
Spellcasting   | 3 |  3.1
Armour         | |  0.6

Action                   |  1- 3 |  4- 6 |  7- 9 || total
-------------------------+-------+-------+-------++-------
Melee: Spear             |   196 |   327 |   658 ||  1181
 Cast: Infusion          |       |     3 |     7 ||    10
       Shroud of Golubri |       |     1 |     1 ||     2
       Regeneration      |       |       |     6 ||     6
       Song of Slaying   |       |       |     3 ||     3
Invok: Potion Petition   |       |       |     1 ||     1
 Abil: Stop Singing      |       |       |     1 ||     1
Evoke: Wand              |       |       |     1 ||     1
  Use: Scroll            |       |       |    13 ||    13
 Stab: Distracted        |       |     2 |     2 ||     4
  Eat: Meat ration       |     1 |     1 |     1 ||     3
       Pizza             |       |       |     1 ||     1
       Bread ration      |       |       |     2 ||     2
Armor: Leather armour    |    24 |       |       ||    24
       Ring mail         |    29 |   100 |   182 ||   311
Dodge: Dodged            |    86 |   143 |   252 ||   481
